 Dungeon Crawl Stone Soup version 0.31-a0-799-g6bc09d010c (webtiles) character file.

Game seed: 6224756509382090068

37 cforsyth the Sneak (level 3, -9/31 HPs)
             Began as a Djinni Delver on Sept 19, 2023.
             Splashed by a jelly's acid (10 damage)
             ... on level 5 of the Dungeon.
             The game lasted 00:00:48 (205 turns).

cforsyth the Sneak (Djinni Delver)                   Turns: 205, Time: 00:00:49

Health: -9/31      AC: -5    Str: 17    XL:     3   Next: 60%
Gold:   17         EV: 12    Int: 13    God:
                   SH:  0    Dex: 14

rFire   + + .        a - +0 falchion
rCold   x . .        (no shield)
rNeg    . . .        b - +0 leather armour
rPois   ∞            (no helmet)
rElec   .            (no cloak)
rCorr   .            (no gloves)
SInv    .            (boots unavailable)
Will    .....        (no amulet)
Stlth   ++           h - +6 ring of strength
HPRegen 0.25/turn    (no ring)
MPRegen 0.00/turn

%: infuse magic (-10 HP)
@: corroded, flying
A: sickness immunity, fire resistance 2, cold vulnerability 1, float, innate
caster, HP casting, extra vitality 1
a: no special abilities


You were on level 5 of the Dungeon.
You visited 1 branch of the dungeon, and saw 1 of its levels.

You collected 17 gold pieces.

Inventory:

Hand Weapons
 a - a +0 falchion (weapon)
Armour
 b - a +0 leather armour (worn)
Jewellery
 h - a +6 ring of strength (left hand)
Wands
 g - a wand of digging (3)
Scrolls
 c - a scroll of fog
 d - a scroll of revelation
 e - a scroll of fear
Potions
 f - a potion of haste
 i - a potion of mutation {unknown}


   Skills:
 + Level 3.7 Fighting
 - Level 1.7 Long Blades
 - Level 2.1 Dodging
 - Level 4.1 Stealth
 + Level 1.3 Spellcasting
 + Level 1.3 Conjurations
 + Level 1.3 Hexes
   Level 0.0 Charms
 + Level 1.3 Summonings
 + Level 1.3 Necromancy
 + Level 1.3 Translocations
 + Level 1.3 Transmutations
 + Level 1.3 Fire Magic
 + Level 1.3 Ice Magic
 + Level 1.3 Air Magic
 + Level 1.3 Earth Magic
 + Level 1.3 Poison Magic


You knew the following spells:

 Your Spells              Type           Power      Damage    Failure   Level
a - Summon Small Mammal   Summ           16%        N/A       21%         1
Your spell library was empty.

Dungeon Overview and Level Annotations

Branches:
Dungeon (5/15)
 Temple: D:4-7

Altars:


Innate Abilities, Weirdness & Mutations

You are immune to sickness and miasma.
You are immune to poison.
Your flesh is very heat resistant. (rF++)
You are vulnerable to cold. (rC-)
You float through the air rather than walking.
You learn spells naturally, not from books.
Your magical power is your life essence.
You have superior vitality. (+4 MHP)


Message History

The adder completely misses you.
You hit the adder but do no damage.
The adder is almost dead.
The adder bites you. x2
You miss the adder.
The adder is almost dead.
The adder bites you. x2
You hit the adder.
You kill the adder!
No target in view!
No target in view!
No target in view!
No target in view!
You now have 17 gold pieces.
i - a coppery potion A jelly comes into view.
Found 20 gold pieces.
A jelly is nearby!
Found a long sword.
The helpless jelly fails to defend itself.
You slash the jelly! The acid corrodes you!
Your hands burn!
The jelly is heavily wounded.
The jelly hits you. The acid corrodes you!
You are splashed with acid!
You completely miss the jelly.
The jelly is heavily wounded.
The jelly hits you.
You are splashed with acid!
* * * LOW HITPOINT WARNING * * *
You are too injured to fight recklessly!
You are too injured to fight recklessly!
You are too injured to fight recklessly!
You are too injured to fight recklessly!
You are too injured to fight recklessly!
You are too injured to fight recklessly!
You hit the jelly.
Your hands burn!
* * * LOW HITPOINT WARNING * * *
The jelly is severely wounded.
The jelly hits you.
* * * LOW HITPOINT WARNING * * *
You are splashed with acid!
You die...

#### ## #.. ... ..#
... ..####.#### #.#
#.#.......# #.#
#.#.......# #.#
#.#.......#
#.#####........$#
###.......#.......#
.......##.#.....@.#
###..#.##........J#
#................)..
##.#.#.##.#####.####
#.#..#.#.# .#
#.#.###..# .. #.##.
.#.# ### ... ......


You could see a jelly.

Vanquished Creatures
  A hound (D:5)
  An adder (D:5)
2 creatures vanquished.

Notes
Turn   | Place    | Note
-------+----------+-------------------------------------------
     0 | D:5      | cforsyth the Djinni Delver began the quest for the Orb.
     0 | D:5      | Reached XP level 1. HP: 20/20 MP: 0/0
     8 | D:5      | Noticed a centaur
    10 | D:5      | Noticed a hound
    19 | D:5      | Killed a hound
    20 | D:5      | Reached skill level 1 in Spellcasting
    20 | D:5      | Reached skill level 1 in Conjurations
    20 | D:5      | Reached skill level 1 in Hexes
    20 | D:5      | Reached skill level 1 in Summonings
    20 | D:5      | Reached skill level 1 in Necromancy
    20 | D:5      | Reached skill level 1 in Translocations
    20 | D:5      | Reached skill level 1 in Transmutations
    20 | D:5      | Reached skill level 1 in Fire Magic
    20 | D:5      | Reached skill level 1 in Ice Magic
    20 | D:5      | Reached skill level 1 in Air Magic
    20 | D:5      | Reached skill level 1 in Earth Magic
    20 | D:5      | Reached skill level 1 in Poison Magic
    20 | D:5      | Reached XP level 2. HP: 8/25 MP: 0/0
    20 | D:5      | Reached XP level 3. HP: 10/30 MP: 0/0
    20 | D:5      | Learned a level 1 spell: Summon Small Mammal
   205 | D:5      | HP: 1/31 [jelly (3)]
   205 | D:5      | Splashed by a jelly's acid

Illustrated notes

Levels and vault maps discovered:
D:5:      layout_loops_ring, mainiacjoe_overflow_paths, xom_teletrap_fun,
          serial_shops, shop, shop_statue, columned_hall_lemuel

Skill      XL: |  1 |
---------------+----+-----
Spellcasting   | 1 |  1.3
Conjurations   | 1 |  1.3
Hexes          | 1 |  1.3
Summonings     | 1 |  1.3
Necromancy     | 1 |  1.3
Translocations | 1 |  1.3
Transmutations | 1 |  1.3
Fire Magic     | 1 |  1.3
Ice Magic      | 1 |  1.3
Air Magic      | 1 |  1.3
Earth Magic    | 1 |  1.3
Poison Magic   | 1 |  1.3
Fighting       | |  3.7
Long Blades    | |  1.7
Dodging        | |  2.1
Stealth        | |  4.1

Action                     || total
---------------------------++-------
  Melee: Falchion          ||    16
   Stab: Sleeping          ||     1
 Armour: Leather armour    ||    15
  Dodge: Dodged            ||     7

Table legend: (Time is in decaauts)
 A = Elapsed time spent in this place.
 B = Non-inter-level travel time spent in this place.
 C = Inter-level travel time spent in this place.
 D = Time resting spent in this place.
 E = Time spent auto-exploring this place.
 F = Levels seen in this place.
 G = Mean time per level.
                   A        B        C        D        E       F      G
               +--------+--------+--------+--------+--------+-----+--------+
         Total |    207 |    207 |      0 |     79 |     92 |   1 |  207.0 |
       Dungeon |    207 |    207 |      0 |     79 |     92 |   1 |  207.0 |
               +--------+--------+--------+--------+--------+-----+--------+

Top non-repeatable levels by time:
     D:5: 207 daAuts
